 Dungeon Crawl Stone Soup version 0.26-a0-639-g72c4674329 (webtiles) character file.

Game seed: 11430605608641526592

181923 Irenicus the Earth Mage (level 17, -6/199 HPs)
             Began as a Deep Dwarf Earth Elementalist on Sept 28, 2020.
             Was the Champion of Makhleb.
             Mangled by a wolf spider (13 damage)
             ... on level 4 of the Spider Nest on Sept 29, 2020.
             The game lasted 04:00:06 (20707 turns).

Irenicus the Earth Mage (DDEE)                     Turns: 20707, Time: 04:00:06

Health: -6/199     AC: 28    Str: 15      XL:     17   Next: 69%
Magic:  7/42 (33)  EV:  2    Int: 20 (22) God:    Makhleb [******]
Gold:   2215       SH:  0    Dex: 13      Spells: 5/40 levels left

rFire    + . .     SeeInvis .   p - +9 quick blade
rCold    . . .     Faith    +   R - +0 buckler
rNeg     + + +     Spirit   .   (armour currently unavailable)
rPois    +         Reflect  .   (helmet currently unavailable)
rElec    .         Harm     .   (cloak currently unavailable)
rCorr    .         Rampage  .   (gloves currently unavailable)
MR       ++...     NoTele   +   (boots currently unavailable)
Stlth    +++.......             b - amulet of Xaacvo {Faith *Contam rF+ Slay+2 Stlth+}
HPRegen  0.00/turn              h - ring of poison resistance {rPois, !d}
MPRegen  0.28/turn              v - ring of magical power {MP+9}

@: confused, tree-form, non-regenerating
A: damage resistance, heal wounds, negative energy resistance 1, sense
surroundings 2, strong 1, no regeneration
a: Heal Wounds, Minor Destruction, Lesser Servant of Makhleb, Major Destruction,
Greater Servant of Makhleb, Renounce Religion


You were on level 4 of the Spider Nest.
You worshipped Makhleb.
Makhleb was exalted by your worship.
You were a tree.
You visited 6 branches of the dungeon, and saw 30 of its levels.
You also visited: Ice Cave.

You collected 3505 gold pieces.
You spent 1290 gold pieces at shops.

Inventory:

Hand Weapons
 d - the +4 dagger "Morg" {pain, MR+ Int+5}
   (You bought it in a shop on level 12 of the Dungeon)

   In the hands of one skilled in necromantic magic, it inflicts extra damage on
   living creatures.
   It affects your intelligence (+5).
   It affects your resistance to hostile enchantments.
 p - a +9 quick blade (weapon)
   (You acquired it on level 1 of the Lair of Beasts)
 U - the +6 Majin-Bo {vamp, MP+6 Int+6}
   (You took it off a deep elf death mage on level 1 of the Elven Halls)

   It inflicts no extra harm, but heals its wielder when it wounds a living foe.
   It affects your intelligence (+6).
   It affects your magic capacity (+6).
Armour
 C - +0 steam dragon scales (melded)
   (You took it off Maggie on level 6 of the Dungeon)
 D - a +2 hat of see invisible (melded)
   (You found it on level 6 of the Dungeon)
 L - the +3 pair of gloves of Watchfulness (melded) {Dex+2}
   (You bought it in a shop on level 2 of the Orcish Mines)

   It affects your dexterity (+2).
 R - a +0 buckler (worn)
   (You found it on level 11 of the Dungeon)
 X - a +0 pair of boots (melded)
   (You found it on level 11 of the Dungeon)
Magical Staves
 V - an uncursed staff of air {rElec}
   (You found it on level 2 of the Orcish Mines)
Jewellery
 b - the amulet of Xaacvo (around neck) {Faith *Contam rF+ Slay+2 Stlth+}
   (You found it on level 1 of the Orcish Mines)

   [amulet of faith]

   It allows you to gain divine favour quickly.
   It affects your accuracy and damage with ranged weapons and melee attacks
   (+2).
   It protects you from fire.
   It causes magical contamination when unequipped.
   It makes you more stealthy.
 g - a +6 ring of intelligence
   (You found it on level 1 of the Dungeon)
 h - a ring of poison resistance (left branch) {rPois, !d}
   (You found it on level 3 of the Lair of Beasts)
 r - an uncursed ring of protection from cold {rC+, !d}
   (You found it on level 2 of the Dungeon)
 v - a ring of magical power (right branch) {MP+9}
   (You bought it in a shop on level 2 of the Orcish Mines)
 w - an uncursed ring of positive energy {rN+}
   (You found it on level 4 of the Dungeon)
 K - an uncursed ring of protection from fire {rF+, !d}
   (You found it on level 6 of the Lair of Beasts)
 Q - an uncursed ring of protection from cold {rC+, !d}
   (You found it on level 10 of the Dungeon)
Wands
 F - a wand of digging (18)
   (You found it on level 7 of the Dungeon)
 M - a wand of iceblast (27)
   (You found it on level 10 of the Dungeon)
Scrolls
 a - a scroll of silence
 f - a scroll of holy word {!r}
 k - 4 scrolls of identify
 l - 12 scrolls of teleportation
 n - a scroll of blinking {!r}
 o - 4 scrolls of enchant armour
 N - 2 scrolls of immolation {!r}
 O - 5 scrolls of magic mapping {!r}
 P - 15 scrolls of remove curse
 Y - 3 scrolls of fog
Potions
 c - 4 potions of might
 e - 6 potions of resistance
 i - 5 potions of lignification {!q}
 j - 3 potions of magic
 m - 2 potions of haste
 q - 4 potions of invisibility
 u - 3 potions of heal wounds
 x - 8 potions of flight
 y - 5 potions of ambrosia
 z - 2 potions of berserk rage {!q}
 A - 3 potions of brilliance
 B - 4 potions of curing
 J - a potion of mutation {!q}
 T - 4 potions of cancellation
 Z - 4 potions of stabbing
Miscellaneous
 s - a phantom mirror
   (You found it in an ice cave)
 t - a phantom mirror
   (You found it on level 5 of the Lair of Beasts)
 I - a tin of tremorstones (2/3)
   (You found it on level 8 of the Dungeon)
 W - a phial of floods (inert)
   (You found it on level 2 of the Orcish Mines)


   Skills:
 - Level 4.1 Fighting
 - Level 8.0 Short Blades
 * Level 8.6 Dodging
 - Level 11.0 Stealth
 - Level 5.9 Shields
 - Level 12.0 Spellcasting
 - Level 8.0 Conjurations
 - Level 6.2 Necromancy
 - Level 10.5 Transmutations
 - Level 16.7 Ice Magic
 - Level 19.0 Earth Magic


You had 5 spell levels left.
You knew the following spells:

 Your Spells              Type           Power        Failure   Level
a - Sandblast             Erth           ######       0%          1
b - Vampiric Draining     Necr           #####.....   1%          3
c - Petrify               Tmut/Erth      ######..     1%          4
d - Iron Shot             Conj/Erth      ######....   3%          6
e - Hailstorm             Conj/Ice       ######..     1%          4
f - Ozocubu's Refrigerat  Ice            ######....   1%          6
w - Passwall              Tmut/Erth      ######..     1%          2
x - Stone Arrow           Conj/Erth      ######       1%          3
z - Lee's Rapid Deconstr  Erth           ######....   1%          5
A - Animate Skeleton      Necr           #####.       1%          1

Your spell library contained the following spells:

 Spells                   Type           Power        Failure   Level
 Freeze                   Ice            ####         0%          1
 Pain                     Necr           ####         1%          1
 Sting                    Tmut/Pois      ####         1%          1
 Ensorcelled Hibernation  Hex/Ice        #####.       1%          2
 Ice Form                 Ice/Tmut       ######..     1%          4
 Corpse Rot               Necr/Air       N/A          2%          2
 Dazzling Flash           Conj/Hex       ####..       3%          3
 Bolt of Magma            Conj/Fire/Erth #####.....   3%          5
 Ignite Poison            Fire/Tmut/Pois ####....     4%          3
 Animate Dead             Necr           #####.....   4%          4
 Corona                   Hex            ##.....      5%          1
 Mephitic Cloud           Conj/Pois/Air  ###.....     5%          3
 Iskenderun's Battlesphe  Conj           #####...     6%          5
 Poisonous Vapours        Pois/Air       ##....       9%          2
 Agony                    Necr           #####...     12%         5
 Confusing Touch          Hex            ##......     17%         3
 Tukima's Dance           Hex            ##......     17%         3
 Olgreb's Toxic Radiance  Pois           ##......     50%         4
 Death Channel            Necr           #####.....   56%         6
 Orb of Destruction       Conj           #####.....   87%         7
 Spellforged Servitor     Conj/Summ      ####......   100%        7


Dungeon Overview and Level Annotations

Branches:
Dungeon (15/15)            Temple (1/1) D:6            Lair (6/6) D:10
 Shoals (0/4) Lair:4       Spider (4/4) Lair:4        Slime (0/5) Lair:6
    Orc (2/2) D:9             Elf (2/3) Orc:2        Vaults (0/5) D:13
 Depths (0/5) D:15          IceCv (visited)

Altars:
Ashenzari
Cheibriados
Elyvilon
Fedhas
Gozag
Makhleb
Nemelex Xobeh
Okawaru
Ru
Sif Muna
Uskayaw
Vehumet
Wu Jian
Xom
Yredelemnul
Beogh

Shops:
D:9 (   D:12 (   Orc:1 (   Orc:2 *=[(   Elf:1 ?

Annotations:
Lair:6 1 runed translucent door, btv's ghost, journeyman TrFi
Elf:2 5 runed translucent doors


Innate Abilities, Weirdness & Mutations

You are resistant to damage.
You can heal yourself by infusing magical energy.
You resist negative energy. (rN+)
You passively map the area around you.
You do not regenerate.
((You have sharp toenails.))
((You are partially covered in molten scales. (AC +2)))
Your muscles are strong. (Str +2)


Message History

The spark wasp resists with significant effort.
The spark wasp stings you but does no damage.
The tarantella splashes around in the water.
You now have 6/42 mp.
Aim: a spark wasp (chance to defeat MR: 62%)
The spark wasp is moving more slowly.
The spark wasp barely misses you. You block the spark wasp's attack.
You now have 2/42 mp.
You enter the shallow water.
Moving in this stuff is going to be slow.
The tarantella misses you. The tarantella barely misses you.
The spark wasp closely misses you.
You puncture the tarantella! You hit the tarantella.
The spark wasp stings you!! The spark wasp shocks you!
You take 33 damage, and have 51/133 hp.
MASSIVE DAMAGE!!
The tarantella bites you but does no damage.
You hit the spark wasp.
The tarantella splashes around in the water.
The jumping spider leaps!
You hit the spark wasp but do no damage.
The spark wasp completely misses you.
The spark wasp stops moving altogether!
You hit the tarantella.
You enter the shallow water.
Moving in this stuff is going to be slow.
The tarantella barely misses you. The tarantella bites you.
You block the wolf spider's attack.
The wolf spider bites you but does no damage.
The tarantella misses you.
A moth of wrath comes into view.
The jumping spider leaps!
The tarantella misses you. The tarantella barely misses you.
The wolf spider splashes around in the water. x2
The jumping spider leaps!
The jumping spider misses you. You block the jumping spider's attack.
The moth of wrath's fur bristles in rage as it notices you.
The helpless spark wasp fails to defend itself.
You perforate the spark wasp like a sieve!!!!
The jumping spider misses you.
The jumping spider splashes around in the water.
The helpless spark wasp fails to defend itself.
You skewer the spark wasp like a kebab!!!!
You kill the spark wasp!
Makhleb accepts your kill.
You feel better. The wolf spider barely misses you.
You block the wolf spider's attack.
You regained 12 hp, and now have 63/133 hp.
The wolf spider hits you.
The wolf spider bites you but does no damage.
The moth of wrath goads the tarantella on!
The tarantella goes berserk!
The moth of wrath goads the wolf spider on!
The wolf spider goes berserk!
The tarantella rages.
The wolf spider splashes around in the water. x2
The wolf spider misses you. The wolf spider bites you!
The wolf spider hits you!
The wolf spider splashes around in the water.
You take 13 damage, and have 50/133 hp.
The tarantella rages.
The wolf spider rages.
The moth of wrath goads the jumping spider on!
The jumping spider goes berserk!
The jumping spider rages.
As you read the scroll of teleportation, it crumbles to dust.
You feel strangely unstable. The wolf spider closely misses you.
The wolf spider completely misses you. The tarantella completely misses you.
The wolf spider misses you. The wolf spider barely misses you.
The tarantella bites you but does no damage.
The wolf spider barely misses you. The wolf spider bites you!
* * * LOW HITPOINT WARNING * * *
You take 13 damage, and have 37/133 hp.
The tarantella bites you!!
* * * LOW HITPOINT WARNING * * *
You are confused.
The wolf spider closely misses you. The wolf spider bites you.
* * * LOW HITPOINT WARNING * * *
You are poisoned.
The wolf spider poisons you!
You take 17 damage, and have 20/133 hp.
Okay, then.
You feel better. You block the tarantella's attack. The wolf spider hits you!
* * * LOW HITPOINT WARNING * * *
The wolf spider completely misses you. The tarantella bites you.
* * * LOW HITPOINT WARNING * * *
You are confused.
The wolf spider misses you. The wolf spider closely misses you.
The tarantella bites you!
* * * LOW HITPOINT WARNING * * *
You are more confused.
You take 15 damage, and have 5/133 hp.
Really quaff
i - 6 potions of lignification {!q}?
Really quaff the potion of lignification?
You turn into a tree.
Your +2 hat of see invisible melds into your body.
The +3 pair of gloves of Watchfulness {Dex+2} melds into your body.
Your +0 pair of boots melds into your body.
Your +0 steam dragon scales melds into your body.
You feel less perceptive.
Your roots penetrate the ground.
You feel strangely stable. The wolf spider hits you!
You die...

#####################
........^.#.....≈≈≈≈#
.....^≈≈≈.....≈≈≈#≈≈#
s.≈#≈≈≈≈≈≈≈≈≈≈≈≈≈≈..#
.≈≈≈≈≈≈#≈≈≈≈≈≈#.....#
^≈≈≈≈≈≈≈≈≈..^.y.....#
##≈#≈≈≈#≈######sss..#
≈≈#≈≈≈#≈≈≈...##♣...#
.s≈#≈≈≈≈≈≈..#.#.....#
..≈#≈.≈#≈.....#..#^≈#
..##≈..≈≈.....#^..≈≈#
###########...#..≈≈≈#
#$.$sφ$$ss#.^##..≈#≈#
#.#######Z#...#..≈≈.#
*..ZZZs^..# , ##.≈≈.#
*.....Z..Z# #.≈≈≈.#


You could see a wolf spider (berserk), a moth of wrath, a jumping spider
(berserk) and a tarantella (berserk).

Vanquished Creatures
  Rupert (Lair:5)
  Kirke (D:14)
  3 ghost moths
  6 emperor scorpions
  2 orc warlords (Orc:2)
  6 entropy weavers
  A deep elf demonologist (Elf:2)
  Nessos (Lair:5)
  3 spark wasps
  2 deep elf death magi (Elf:1)
  2 ettins
  2 ogre magi (D:15)
  Fannar (D:10)
  8 hydras
  An anaconda (Lair:6)
  12 centaur warriors
  6 two-headed ogres
  8 dancing weapons
  3 tengu warriors
  A death knight (D:14)
  A queen ant (Spider:1)
  A death scarab (Spider:4)
  4 orc high priests (Orc:2)
  9 deep elf knights
  A spectral wolf spider (Spider:4)
  7 ugly things
  4 necromancers
  6 deep elf archers
  11 orb spiders
  2 wolf spider zombies
  29 wolf spiders
  7 orc sorcerers
  5 orc knights
  27 deep elf magi
  A moth of wrath (Spider:4)
  3 manticores
  2 cyclopes
  11 elephants
  3 oklob plants
  An ice statue (IceCv)
  3 black mambas
  12 cane toads
  Maggie (D:6)
  10 freezing wraiths (IceCv)
  2 centaur skeletons (D:14)
  A rime drake (Lair:5)
  A kobold demonologist (D:14)
  A yaktaur (D:15)
  7 demonic crawlers
  3 komodo dragons
  2 tengu conjurers
  34 jumping spiders
  A wolf spider simulacrum (IceCv)
  2 polar bears
  A merfolk (D:10)
  2 meliai (D:14)
  7 trolls
  6 hornets
  A spectral jumping spider (Spider:4)
  9 slime creatures
  2 jumping spider zombies (Spider:4)
  2 spectral tarantellas (Spider:4)
  A meliai zombie (D:15)
  8 hippogriffs
  A tarantella zombie (Spider:4)
  3 air elementals
  2 water elementals
  68 redbacks
  2 shadows (D:12)
  30 tarantellas
  A wraith (D:15)
  24 yaks
  5 wyverns
  A basilisk (D:15)
  A hog (D:14)
  8 vampire mosquitoes
  2 insubstantial wisps (Lair:3)
  5 wargs
  2 acid dragons
  13 soldier ants
  11 water moccasins
  6 porcupines
  A spectral hornet (Spider:4)
  64 orc warriors
  4 sky beasts
  A black bear (Lair:3)
  3 necrophages
  12 ice beasts
  5 phantoms
  20 centaurs
  6 wolves
  21 ogres
  3 big kobolds
  16 crocodiles
  4 elf zombies (Elf:1)
  11 bullfrogs
  An earth elemental (Elf:2)
  5 scorpions
  6 killer bees
  6 jellies
  2 electric eels (Spider:2)
  27 wights
  5 howler monkeys
  5 bullfrog zombies
  4 centaur zombies
  2 quasits
  2 draconian simulacra (IceCv)
  6 hounds
  37 orc priests
  40 orc wizards
  6 iguanas
  24 worker ants
  9 troll simulacra (IceCv)
  A spriggan simulacrum (IceCv)
  3 wolf simulacra (IceCv)
  A centaur simulacrum (IceCv)
  2 hound skeletons
  A worker ant zombie (D:9)
  Robin (D:3)
  11 adders
  5 naga simulacra (IceCv)
  2 ogre simulacra (IceCv)
  A shadow imp (D:10)
  13 white imps
  5 oozes
  An adder skeleton (D:4)
  5 worms
  4 dart slugs
  6 leopard geckos
  147 orcs
  8 bats
  12 giant cockroaches
  2 gnoll zombies (D:2)
  20 goblins
  9 hobgoblins
  10 jackals
  5 quokkas
  A ball python skeleton (D:5)
  7 frilled lizards
  20 kobolds
  8 rats
1178 creatures vanquished.

Vanquished Creatures (others)
  A cane toad (Lair:6)
  A demonic crawler (Spider:2)
  A jumping spider (Spider:2)
  A yak (Lair:6)
  6 humans (D:14)
  An ogre (D:15)
  A bullfrog (D:15)
  2 orcs (Orc:2)
  3 bushes (Elf:1)
  7 fungi
  18 plants
  4 toadstools (D:2)
46 creatures vanquished.

Grand Total: 1224 creatures vanquished

Notes
Turn   | Place    | Note
-------+----------+-------------------------------------------
     0 | D:1      | Irenicus the Deep Dwarf Earth Elementalist began the quest
                  | for the Orb.
     0 | D:1      | Reached XP level 1. HP: 15/15 MP: 3/3
    79 | D:1      | Found a snail-covered altar of Cheibriados.
    84 | D:1      | Reached skill level 2 in Spellcasting
    87 | D:1      | Reached XP level 2. HP: 22/22 MP: 3/5
   293 | D:1      | Reached skill level 5 in Earth Magic
   327 | D:1      | Reached XP level 3. HP: 28/28 MP: 4/6
   370 | D:1      | Learned a level 2 spell: Passwall
   454 | D:1      | Reached skill level 3 in Stealth
   729 | D:2      | Found a basalt altar of Yredelemnul.
   913 | D:2      | Reached skill level 1 in Short Blades
   913 | D:2      | Reached XP level 4. HP: 21/36 MP: 5/7
  1097 | D:3      | Reached skill level 4 in Stealth
  1102 | D:3      | You fall into a shaft and drop 2 floors!
  1102 | D:5      | Entered Level 5 of the Dungeon
  1103 | D:5      | Noticed a centaur
  1127 | D:5      | Killed a centaur
  1127 | D:5      | Reached skill level 2 in Short Blades
  1127 | D:5      | Reached XP level 5. HP: 23/42 MP: 4/8
  1157 | D:3      | Found a shattered altar of Ashenzari.
  1157 | D:3      | Found an iron altar of Okawaru.
  1157 | D:3      | Found a burning altar of Makhleb.
  1157 | D:3      | Found a sacrificial altar of Ru.
  1157 | D:3      | Noticed Robin
  1278 | D:3      | Found a shimmering blue altar of Sif Muna.
  1298 | D:3      | Gained mutation: Your muscles are strong. (Str +2) [potion
                  | of mutation]
  1298 | D:3      | Gained mutation: You are partially covered in molten
                  | scales. (AC +2) [potion of mutation]
  1298 | D:3      | Gained mutation: You have sharp toenails. [potion of
                  | mutation]
  1302 | D:3      | Became a worshipper of Makhleb the Destroyer
  1312 | D:3      | Reached skill level 5 in Stealth
  1325 | D:3      | Killed Robin
  1390 | D:3      | Learned a level 3 spell: Stone Arrow
  1481 | D:3      | HP: 10/42 [ooze (1)]
  1667 | D:4      | Reached * piety under Makhleb
  1667 | D:4      | Reached skill level 3 in Short Blades
  1667 | D:4      | Reached XP level 6. HP: 12/49 MP: 6/9
  1698 | D:4      | Learned a level 3 spell: Vampiric Draining
  1766 | D:4      | Reached skill level 1 in Necromancy
  1872 | D:4      | HP: 8/49 [leopard gecko (4)]
  1906 | D:4      | Reached skill level 2 in Necromancy
  1913 | D:4      | You fall into a shaft and drop 3 floors!
  1916 | D:8      | Noticed an orc warrior
  1921 | D:7      | HP: 6/49 [bullfrog (2)]
  1923 | D:7      | Reached skill level 3 in Necromancy
  1926 | D:7      | HP: 6/49 [killer bee (4)]
  1932 | D:7      | Reached skill level 4 in Necromancy
  1932 | D:7      | Reached XP level 7. HP: 12/55 MP: 0/10
  1943 | D:7      | HP: 6/55 [killer bee (6)]
  1954 | D:7      | Reached skill level 5 in Necromancy
  2044 | D:6      | Reached skill level 6 in Necromancy
  2255 | D:5      | Reached skill level 6 in Earth Magic
  2304 | D:5      | Reached ** piety under Makhleb
  2304 | D:5      | Reached skill level 3 in Spellcasting
  2304 | D:5      | Reached XP level 8. HP: 32/62 MP: 5/12
  2376 | D:5      | Reached skill level 7 in Earth Magic
  2621 | D:6      | Noticed Maggie
  2624 | D:6      | Killed Maggie
  2624 | D:6      | Reached skill level 4 in Spellcasting
  2624 | D:6      | Reached skill level 8 in Earth Magic
  2823 | D:6      | Found a staircase to the Ecumenical Temple.
  2845 | Temple   | Entered the Ecumenical Temple
  2948 | D:6      | Reached skill level 5 in Spellcasting
  2948 | D:6      | Reached skill level 9 in Earth Magic
  2979 | D:6      | Irenicus: ?? int
  2979 | D:6      | beem: int[1/2]: Affects your spell casting success, your
                  | spell power and your spell hunger. When it reaches 0, you
                  | become {brainless}.
  3076 | D:6      | Found a hide-covered altar of Uskayaw.
  3087 | D:6      | Gained mutation: You passively map the area around you.
                  | [Deep Dwarf growth]
  3087 | D:6      | Reached XP level 9. HP: 68/68 MP: 6/16
  3243 | D:7      | Learned a level 5 spell: Lee's Rapid Deconstruction
  3264 | D:7      | Learned a level 4 spell: Petrify
  3290 | D:7      | Reached skill level 1 in Transmutations
  3369 | D:7      | Reached *** piety under Makhleb
  3369 | D:7      | Reached skill level 2 in Transmutations
  3442 | D:7      | Reached skill level 10 in Earth Magic
  3612 | D:8      | Reached skill level 3 in Transmutations
  3612 | D:8      | Reached skill level 6 in Spellcasting
  3710 | D:8      | Reached skill level 4 in Transmutations
  3765 | D:8      | Noticed a skeletal warrior
  3770 | D:8      | Noticed a deep elf mage
  3775 | D:8      | Noticed a guardian serpent
  3775 | D:8      | a guardian serpent changed into a shapeshifter
  3780 | D:8      | Noticed a troll
  3783 | D:8      | Killed a troll
  3792 | D:8      | Reached XP level 10. HP: 75/75 MP: 10/19
  3878 | D:8      | Reached skill level 5 in Transmutations
  3926 | D:8      | Noticed an unseen horror
  3955 | D:9      | Reached **** piety under Makhleb
  3995 | D:9      | Learned a level 1 spell: Animate Skeleton
  4032 | D:9      | Reached skill level 11 in Earth Magic
  4148 | D:9      | Found a staircase to the Orcish Mines.
  4184 | D:9      | Reached skill level 6 in Transmutations
  4203 | D:9      | Reached skill level 7 in Spellcasting
  4243 | D:9      | Found a white marble altar of Elyvilon.
  4308 | D:9      | Found Voeb's Weapon Shop.
  4386 | D:9      | Reached ***** piety under Makhleb
  4475 | D:9      | Reached skill level 1 in Fighting
  4564 | D:10     | Entered Level 10 of the Dungeon
  4630 | D:10     | Noticed a tengu warrior
  4647 | D:10     | Killed a tengu warrior
  4647 | D:10     | Reached skill level 2 in Fighting
  4647 | D:10     | Reached skill level 7 in Transmutations
  4656 | D:10     | Reached skill level 12 in Earth Magic
  4709 | D:10     | Noticed Fannar
  4725 | D:10     | Killed Fannar
  4725 | D:10     | Reached XP level 11. HP: 59/87 MP: 2/22
  4827 | D:10     | Found a staircase to the Lair.
  4840 | D:10     | Reached skill level 3 in Fighting
  4933 | D:10     | Irenicus: ?? health
  4933 | D:10     | beem: I don't have a page labeled health in my learndb.
  4933 | D:10     | Irenicus: ?? hp
  4933 | D:10     | beem: hp[1/1]: Your max hp is Floor[(8 +
                  | Floor[(1+3*Fighting)/2]+Floor[11*XL/2]+Floor[Fighting*XL/14
                  | ])*(1+Aptitude/10)]. See !apt hp for the aptitudes, or use
                  | "!hp [species] [XL] [Fighting]" to calculate.
  5313 | D:11     | Noticed a brown ugly thing
  5332 | D:11     | Killed a brown ugly thing
  5332 | D:11     | Reached skill level 8 in Spellcasting
  5382 | D:11     | Reached skill level 4 in Fighting
  5382 | D:11     | Reached skill level 1 in Shields
  5397 | D:11     | Reached skill level 8 in Transmutations
  5419 | D:11     | Reached skill level 2 in Shields
  5453 | D:11     | Identified the +1 leather armour "Wieq" {Harm} (You found
                  | it on level 11 of the Dungeon)
  5502 | D:11     | Identified Lirchu's Catalogue of the Mutagenic Glacier
  5639 | D:11     | Reached skill level 3 in Shields
  5640 | D:11     | Reached skill level 13 in Earth Magic
  5737 | D:11     | Noticed a centaur warrior
  5737 | D:11     | Noticed a centaur warrior
  5739 | D:11     | Noticed a centaur warrior
  5740 | D:11     | Noticed a deep elf archer
  5748 | D:11     | Noticed a centaur warrior
  5751 | D:11     | Killed a deep elf archer
  5751 | D:11     | Reached skill level 4 in Shields
  5751 | D:11     | Killed a centaur warrior
  5765 | D:11     | Reached skill level 5 in Shields
  5777 | D:11     | Killed a centaur warrior
  5783 | D:11     | Killed a centaur warrior
  5783 | D:11     | Reached XP level 12. HP: 44/99 MP: 0/24
  5942 | D:11     | Killed a centaur warrior
  5942 | D:11     | Reached skill level 14 in Earth Magic
  6014 | D:11     | Got a heavily runed leather armour
  6015 | D:11     | Identified the cursed +1 leather armour of Fortification
                  | {+Inv rF+++ MP-9 Int-5} (You found it on level 11 of the
                  | Dungeon)
  6062 | D:11     | Found an iron altar of Okawaru.
  6081 | D:11     | Identified the +8 chain mail "Yracyodd" {rElec rN+ Dex-5}
                  | (You found it on level 11 of the Dungeon)
  6195 | Lair:1   | Entered Level 1 of the Lair of Beasts
  6279 | Lair:1   | Reached skill level 6 in Stealth
  6284 | Lair:1   | Identified a scroll of acquirement
  6284 | Lair:1   | Acquired a +7 quick blade
  6450 | Lair:1   | Found a radiant altar of Vehumet.
  6554 | Lair:1   | Reached skill level 4 in Short Blades
  6651 | Lair:2   | Reached skill level 7 in Stealth
  6746 | Lair:2   | Irenicus: ??stab
  6746 | Lair:2   | beem: stabbing[1/5]: A stab with a short blade does
                  | increased damage: (dam+bonus)*mult, where bonus depends on
                  | dex and stealth/weapon skills and is capped at 30, and mult
                  | depends on your stealth/weapon skills and the type of stab
                  | (sleep/paralysis is best). Non-short blades don't get a
                  | bonus and have lower mult. Daggers get bonus doubled (but
                  | still capped at 30).
  6790 | Lair:2   | Reached skill level 5 in Short Blades
  6872 | Lair:2   | Identified the cursed +1 robe "Usune" {*Contam rC+ Str+4
                  | Int+4} (You found it on level 2 of the Lair of Beasts)
  7061 | Lair:3   | Reached skill level 8 in Stealth
  7070 | Lair:3   | Reached skill level 6 in Short Blades
  7086 | Lair:3   | Got a translucent scale mail
  7087 | Lair:3   | Identified the +6 scale mail "Uzuj" {*Corrode *Slow +Blink
                  | MR+++} (You found it on level 3 of the Lair of Beasts)
  7097 | Lair:3   | Noticed an eight-headed hydra
  7115 | Lair:3   | HP: 22/99 [eight-headed hydra (6)]
  7452 | Lair:3   | Killed an eight-headed hydra
  7452 | Lair:3   | Reached skill level 15 in Earth Magic
  7475 | Lair:3   | Found a shimmering altar of Xom.
  7491 | Lair:3   | Reached ****** piety under Makhleb
  7658 | Lair:4   | Found a staircase to the Shoals.
  7838 | Lair:4   | Found a hole to the Spider Nest.
  7891 | Lair:5   | Noticed a six-headed hydra
  7894 | Lair:5   | Killed a six-headed hydra
  7894 | Lair:5   | Reached skill level 9 in Transmutations
  7894 | Lair:5   | Reached XP level 13. HP: 80/105 MP: 19/25
  7921 | Lair:5   | Noticed Nessos
  7937 | Lair:5   | Killed Nessos
  8005 | Lair:5   | Reached skill level 16 in Earth Magic
  8126 | Lair:5   | Noticed Rupert
  8377 | Lair:6   | Entered Level 6 of the Lair of Beasts
  8593 | Lair:6   | Found a staircase to the Slime Pits.
  8626 | Lair:6   | Reached skill level 10 in Transmutations
  8682 | Lair:6   | Found a hide-covered altar of Uskayaw.
  8981 | Lair:6   | Found a runed translucent door.
  8983 | Lair:6   | Noticed btv's ghost (journeyman TrFi)
  9269 | Lair:6   | Reached skill level 17 in Earth Magic
  9372 | Lair:6   | Learned a level 6 spell: Iron Shot
  9397 | Lair:6   | Reached skill level 1 in Conjurations
  9403 | Lair:6   | Noticed a dire elephant
  9403 | Lair:6   | Noticed a dire elephant
  9404 | Lair:6   | Found the +9 scales of the Dragon King {rPois rF+ rC+ MR+}
  9405 | Lair:6   | Noticed a dire elephant
  9450 | Lair:5   | Reached skill level 2 in Conjurations
  9503 | Lair:5   | Killed Rupert
  9503 | Lair:5   | Reached skill level 4 in Conjurations
  9595 | Spider:1 | Entered Level 1 of the Spider Nest
  9638 | Spider:1 | Reached skill level 5 in Conjurations
  9693 | Spider:1 | Noticed an entropy weaver
  9765 | Spider:1 | Reached skill level 6 in Conjurations
  9806 | Spider:1 | Noticed an entropy weaver
  9806 | Spider:1 | Noticed an entropy weaver
  9817 | Spider:1 | Noticed an entropy weaver
  9846 | Spider:1 | Gained mutation: You resist negative energy. (rN+) [Deep
                  | Dwarf growth]
  9846 | Spider:1 | Reached XP level 14. HP: 114/114 MP: 15/26
  9881 | Spider:1 | Noticed an emperor scorpion
  9913 | Spider:1 | Killed an emperor scorpion
  9917 | Spider:1 | Reached skill level 7 in Conjurations
  9944 | Spider:1 | Noticed a ghost moth
 10095 | Spider:1 | Killed an entropy weaver
 10174 | Spider:1 | Killed an entropy weaver
 10672 | D:12     | Reached skill level 3 in Dodging
 10695 | D:12     | Found Ycuties's Weapon Boutique.
 10889 | D:13     | Reached skill level 7 in Short Blades
 10936 | D:13     | HP: 8/114 [+6 long sword (23)]
 11067 | Orc:1    | Entered Level 1 of the Orcish Mines
 11067 | Orc:1    | Found Osoadaxoum's Weapon Shoppe.
 11117 | Orc:1    | HP: 17/114 [orc warrior/+0 dire flail (15)]
 11121 | D:9      | HP: 5/114 [orc warrior/+0 dire flail (12)]
 11121 | D:9      | HP: 1/114 [orc wizard/puff of flame (4)]
 11479 | Orc:1    | Reached skill level 4 in Dodging
 11597 | Orc:1    | Got a warped lead amulet
 11603 | Orc:1    | Identified the amulet of Xaacvo {Faith *Contam rF+ Slay+2
                  | Stlth+} (You found it on level 1 of the Orcish Mines)
 11647 | Orc:2    | Entered Level 2 of the Orcish Mines
 11899 | Orc:2    | Reached skill level 8 in Short Blades
 12016 | Orc:2    | Reached skill level 5 in Dodging
 12030 | Orc:2    | Found a staircase to the Elven Halls.
 12161 | Orc:2    | Found Efiezeq's Weapon Boutique.
 12208 | Orc:2    | Reached skill level 6 in Dodging
 12363 | Orc:2    | Found Mihel's Assorted Antiques.
 12405 | Orc:2    | Found a roughly hewn altar of Beogh.
 12405 | Orc:2    | Noticed an orc warlord
 12439 | Orc:2    | Found Osuini's Jewellery Shoppe.
 12453 | Orc:2    | Reached skill level 7 in Dodging
 12458 | Orc:2    | Irenicus: ?? mp
 12458 | Orc:2    | beem: mp[1/3]: Cast spells with this. MP = floor(min(23,
                  | XL) + skill + min(4, min(XL, skill) / 2)), where skill =
                  | max(Spellcasting, Invo/2). Basically, MP = XL + skill,
                  | except that the last 4 XL's mp points effectively get
                  | distributed over the first 8 XL, but only if you have
                  | matching quantities of skill.
 12459 | Orc:2    | Irenicus: ?? mp
 12459 | Orc:2    | beem: mp[1/3]: Cast spells with this. MP = floor(min(23,
                  | XL) + skill + min(4, min(XL, skill) / 2)), where skill =
                  | max(Spellcasting, Invo/2). Basically, MP = XL + skill,
                  | except that the last 4 XL's mp points effectively get
                  | distributed over the first 8 XL, but only if you have
                  | matching quantities of skill.
 12459 | Orc:2    | Irenicus: ?? mp [2
 12459 | Orc:2    | beem: mp[2/3]: Mp aptitude gives a flat +aptitude mp to
                  | your base mp -- e.g. +1 aptitude = +1 total mp. +Mp
                  | mutations and racial mutations are added after XL and skill
                  | are calculated. +mp items are added last.
 12459 | Orc:2    | Irenicus: ?? mp [3
 12459 | Orc:2    | beem: mp[3/3]: You gain maxmp + 14 mp every 200 turns. Put
                  | another way, you gain 7/100ths of an mp plus 1/100th of an
                  | mp per 2 maxmp per turn. You reach 0.5 mp regenerated per
                  | turn at 86 maxmp.
 12459 | Orc:2    | Bought an uncursed ring of magical power for 280 gold
                  | pieces
 12593 | Orc:2    | Reached skill level 9 in Stealth
 12751 | Orc:2    | Killed an orc warlord
 12912 | Orc:2    | Reached skill level 9 in Spellcasting
 12935 | Orc:2    | Reached XP level 15. HP: 120/120 MP: 9/28
 12950 | Orc:2    | Noticed an orc warlord
 12996 | Orc:2    | Killed an orc warlord
 12996 | Orc:2    | Reached skill level 10 in Stealth
 13020 | Orc:2    | Found a roughly hewn altar of Beogh.
 13061 | Orc:2    | Found Zeurom's Armour Shoppe.
 13139 | Orc:2    | Bought the +3 pair of gloves of Watchfulness {Dex+2} for
                  | 337 gold pieces
 13225 | Elf:1    | Entered Level 1 of the Elven Halls
 13393 | Elf:1    | HP: 10/120 [deep elf mage/stone arrow (22)]
 13514 | Elf:1    | Reached skill level 10 in Spellcasting
 13790 | Elf:1    | Identified the Handbook of Stolen Souls
 13846 | Elf:1    | Reached skill level 11 in Spellcasting
 13936 | Elf:1    | Found Iriqicoi's Magic Scroll Shoppe.
 14401 | Elf:2    | Reached skill level 12 in Spellcasting
 14591 | Elf:2    | Found a huge runed translucent gate.
 14591 | Elf:2    | Found a huge runed translucent gate.
 14591 | Elf:2    | Found a huge runed translucent gate.
 14591 | Elf:2    | Found a huge runed translucent gate.
 14591 | Elf:2    | Found a huge runed translucent gate.
 14600 | Elf:2    | Noticed a deep elf blademaster
 14814 | D:13     | HP: 28/120 [+6 long sword (9)]
 14820 | D:12     | HP: 21/120 [the Majin-Bo (4)]
 14862 | D:12     | Bought the +4 dagger "Morg" {pain, MR+ Int+5} for 673 gold
                  | pieces
 14862 | D:12     | Found the +4 dagger "Morg" {pain, MR+ Int+5}
 14977 | D:13     | Reached skill level 18 in Earth Magic
 15203 | D:13     | Reached XP level 16. HP: 127/127 MP: 15/32
 15414 | D:13     | Found a gate to the Vaults.
 15449 | D:14     | Reached skill level 8 in Conjurations
 15537 | D:14     | Noticed Kirke
 15654 | D:14     | Found a frozen archway.
 15673 | IceCv    | Entered an ice cave
 16091 | IceCv    | Found an ancient bone altar of Kikubaaqudgha.
 16391 | D:14     | Reached skill level 19 in Earth Magic
 16402 | D:14     | Reached skill level 1 in Ice Magic
 16441 | D:14     | Reached skill level 2 in Ice Magic
 16481 | D:14     | Killed Kirke
 16481 | D:14     | Reached skill level 3 in Ice Magic
 16610 | D:14     | Reached skill level 11 in Stealth
 16633 | D:14     | Learned a level 4 spell: Hailstorm
 16683 | D:14     | Reached skill level 4 in Ice Magic
 16755 | D:14     | Reached skill level 5 in Ice Magic
 16774 | D:14     | Found a sparkling altar of Nemelex Xobeh.
 16822 | D:15     | Entered Level 15 of the Dungeon
 16905 | D:15     | Reached skill level 6 in Ice Magic
 16940 | D:15     | Reached skill level 7 in Ice Magic
 16947 | D:15     | Found a staircase to the Depths.
 17075 | D:15     | Reached skill level 8 in Ice Magic
 17367 | D:15     | Reached skill level 9 in Ice Magic
 17811 | Spider:1 | Reached skill level 10 in Ice Magic
 17956 | Spider:1 | Reached skill level 11 in Ice Magic
 18263 | Spider:1 | Reached skill level 12 in Ice Magic
 18613 | Spider:2 | Reached skill level 13 in Ice Magic
 18623 | Spider:2 | Reached XP level 17. HP: 41/133 MP: 2/33
 18644 | Spider:2 | HP: 20/133 [disintegration (30)]
 18676 | Spider:2 | HP: 32/133 [jumping spider (10)]
 18682 | Spider:2 | HP: 14/133 [jumping spider (2)]
 18688 | Spider:2 | HP: 10/133 [jumping spider (4)]
 18743 | Spider:2 | Identified the +3 scale mail of the Good {rF+} (You found
                  | it on level 2 of the Spider Nest)
 19140 | Spider:3 | Reached skill level 14 in Ice Magic
 19576 | Spider:3 | Learned a level 6 spell: Ozocubu's Refrigeration
 19684 | Spider:4 | Entered Level 4 of the Spider Nest
 19711 | Spider:4 | Reached skill level 15 in Ice Magic
 19725 | Spider:4 | Identified the +0 falchion of Chaos {vorpal, *Noise Str+3
                  | Int+8 Stlth-} (You found it on level 4 of the Spider Nest)
 20047 | Spider:4 | Reached skill level 16 in Ice Magic
 20549 | Spider:4 | Reached skill level 8 in Dodging
 20609 | Spider:4 | HP: 32/133 [redback (6)]
 20705 | Spider:4 | HP: 21/133 [tarantella (16)]
 20706 | Spider:4 | HP: 5/133 [tarantella (13)]
 20707 | Spider:4 | Mangled by a wolf spider

Illustrated notes

Levels and vault maps discovered:
D:1:      onia_arrival_mini_maze_b, layout_loops_cross, kennysheep_nondescript,
          corexii_corridor_pit, cheibriados_altar_1
D:2:      layout_loops_ring, lemuel_zombie_altar_yredelemnul,
          minmay_gold_behind_fungi
D:3:      layout_rooms, nicolae_overflow_hidden_temple, uniq_robin
D:4:      minmay_inner_zag, layout_basic, uniq_crazy_yiuf_cottage
D:5:      layout_basic
D:6:      layout_loops_ring, overflow_temple_1_default,
          minmay_temple_entry_slanted, kennysheep_generic_room_6, uniq_maggie
D:7:      layout_rooms, enter_bailey_2
D:8:      layout_cave_pools, grunt_ministairs_3, minmay_holes,
          onia_ninara_dug_in_and_dangerous
D:9:      kennysheep_spiral_hall, layout_long_grid, elyvilon_altar_5,
          orc_0_dummy, serial_shops, nicolae_shop_waterfront
D:10:     layout_roguey, erik_lair_dragon, hangedman_fish_farm, uniq_fannar
D:11:     evilmike_iron_armoury, layout_long_grid
D:12:     layout_basic, serial_shops, kennysheep_mini_moat
D:13:     layout_rooms, erik_vaults_1
D:14:     layout_loops_ring, minmay_misc_feat_ornament,
          portal_ice_cave_entry_pillars_1, minmay_misc_feat_columns,
          st_stairs_6, minivault_11, nemelex_diamond_rough_becter, uniq_kirke
D:15:     hangedman_depths_entry_civil_slaughter, layout_irregular_city
Temple:   eino_temple_lava
Lair:1:   layout_misc_corridors, basic_altar
Lair:2:   layout_hall_layers, minmay_lair_oklob_chamber, grunt_megastairs_4
Lair:3:   layout_cave_pods, basic_altar, pond
Lair:4:   layout_cave_shapes, minmay_shoals_entry_beasts,
          spider_nest_entry_funnel_web, grunt_megastairs_5
Lair:5:   layout_gridlike, uniq_rupert, uniq_nessos
Lair:6:   due_jungle_book, layout_cave_pods, nicolae_slime_entry_slimehenge,
          basic_altar, ebering_ghost_inner_flame
Spider:1: spider_temple_joshua, minmay_another_anthill
Spider:2: layout_spider_delve, nicolae_spider_webbed_stairs
Spider:3: layout_chambers
Spider:4: floodkiller_spider_rune_tomb, spiders_nest_ghost_moth_duel
Orc:1:    layout_caves, serial_shops, nicolae_shop_statue_plus, minmay_orc_keep
Orc:2:    pubby_orc_utopia
Elf:1:    eino_elf_arrival_customs, layout_geoelf_grid, serial_corexii_hall,
          chequers_hall_statues_y, corexii_hall_statues_l, serial_shops,
          nicolae_shop_temple_entry_statues_fountains, minmay_elf_necromancy
Elf:2:    layout_geoelf_octagon

Skill      XL: |  1  2  3  4  5  6  7  8  9 10 11 12 13 14 15 16 17 |
---------------+----------------------------------------------------+-----
Spellcasting   | 2 3 5 6 7 8 9 12 | 12.0
Earth Magic    | 5 6 9 10 12 13 15 17 18 19 | 19.0
Stealth        | 3 4 5 8 9 10 11 | 11.0
Short Blades   | 1 2 3 6 8 |  8.0
Necromancy     | 4 6 |  6.2
Transmutations | 4 7 8 9 10 | 10.5
Fighting       | 2 4 |  4.1
Shields        | 5 |  5.9
Conjurations   | 6 7 8 |  8.0
Dodging        | 7 8 |  8.6
Ice Magic      | 13 16 | 16.7

Action                   |  1- 3 |  4- 6 |  7- 9 | 10-12 | 13-15 | 16-18 || total
-------------------------+-------+-------+-------+-------+-------+-------++-------
Melee: Dagger            |    61 |    48 |    84 |   163 |    97 |   201 ||   654
       Kick              |       |     6 |    30 |    76 |       |       ||   112
       Quick blade       |       |       |       |    90 |   784 |   685 ||  1559
       Quarterstaff      |       |       |       |       |     8 |       ||     8
 Cast: Sandblast         |    36 |    46 |   110 |   232 |   258 |   186 ||   868
       Passwall          |     2 |     9 |    17 |    26 |    51 |    42 ||   147
       Vampiric Draining |       |     1 |    18 |    17 |     9 |       ||    45
       Stone Arrow       |       |     1 |       |     1 |     4 |    10 ||    16
       Lee's Rapid Decon |       |       |     3 |    13 |    64 |    41 ||   121
       Petrify           |       |       |     1 |    41 |   136 |    97 ||   275
       Animate Skeleton  |       |       |       |     8 |     2 |     2 ||    12
       Iron Shot         |       |       |       |       |    25 |    25 ||    50
       Hailstorm         |       |       |       |       |       |     8 ||     8
       Ozocubu's Refrige |       |       |       |       |       |    15 ||    15
 Abil: Heal Wounds       |       |       |     1 |       |       |       ||     1
Evoke: Wand              |       |       |       |     1 |    23 |    14 ||    38
       Phial of floods   |       |       |       |       |     2 |     3 ||     5
       Tin of tremorston |       |       |       |       |     2 |     1 ||     3
  Use: Scroll            |       |     7 |     7 |    27 |    13 |    12 ||    66
       Potion            |       |     3 |       |     1 |     4 |     7 ||    15
 Stab: Sleeping          |     9 |     9 |    16 |    19 |    45 |    23 ||   121
       Petrified         |       |       |     2 |    43 |   166 |    96 ||   307
       Distracted        |       |       |     1 |     1 |     1 |       ||     3
       Petrifying        |       |       |       |    15 |    34 |    19 ||    68
Armor: Robe              |     9 |       |       |       |       |       ||     9
       Skin              |       |    21 |       |       |       |       ||    21
       Leather armour    |       |     7 |    15 |       |       |       ||    22
       Steam dragon scal |       |       |    24 |   107 |   185 |   353 ||   669
Dodge: Dodged            |    50 |    34 |   102 |   202 |   358 |   726 ||  1472
Block: Buckler           |       |       |       |    54 |   156 |   250 ||   460

Table legend: (Time is in decaauts)
 A = Elapsed time spent in this place.
 B = Non-inter-level travel time spent in this place.
 C = Inter-level travel time spent in this place.
 D = Time resting spent in this place.
 E = Time spent auto-exploring this place.
 F = Levels seen in this place.
 G = Mean time per level.
                   A        B        C        D        E       F      G
               +--------+--------+--------+--------+--------+-----+--------+
         Total |  19599 |  19004 |    595 |     18 |      0 |  31 |  632.2 |
       Dungeon |   8996 |   8704 |    292 |     18 |      0 |  15 |  599.7 |
        Temple |      1 |      1 |      0 |      0 |      0 |   1 |    1.0 |
          Lair |   3540 |   3350 |    190 |      0 |      0 |   6 |  590.0 |
   Spider Nest |   3206 |   3189 |     17 |      0 |      0 |   4 |  801.5 |
  Orcish Mines |   1892 |   1892 |      0 |      0 |      0 |   2 |  946.0 |
   Elven Halls |   1369 |   1273 |     96 |      0 |      0 |   2 |  684.5 |
      Ice Cave |    593 |    593 |      0 |      0 |      0 |   1 |  593.0 |
               +--------+--------+--------+--------+--------+-----+--------+

Top non-repeatable levels by time:
   Orc:2: 1415 daAuts
Spider:1: 1129 daAuts
    D:11: 1066 daAuts
   Elf:1: 1062 daAuts
  Lair:6: 995 daAuts
Spider:4: 918 daAuts
    D:10: 824 daAuts
     D:9: 738 daAuts
    D:14: 734 daAuts
    D:13: 667 daAuts
Spider:2: 602 daAuts
    D:15: 599 daAuts
  Lair:5: 595 daAuts
   IceCv: 593 daAuts
     D:5: 580 daAuts

Table legend:
 A = Kills in this place as a percentage of kills in entire the game.
 B = Kills by you in this place as a percentage of kills by you in the entire game.
 C = Kills by friends in this place as a percentage of kills by friends in the entire game.
 D = Other kills in this place as a percentage of other kills in the entire game.
 E = Experience gained in this place as a percentage of experience gained in the entire game.
 F = Experience gained in this place divided by the number of levels of this place that you have seen.
                   A       B       C       D       E      F
               +-------+-------+-------+-------+-------+----------------------
         Total | 100.0 | 100.0 |   N/A | 100.0 | 100.0 | 8622.9
       Dungeon |  43.7 |  43.7 |   N/A |  25.0 |  26.4 | 4706.3
          Lair |   9.0 |   8.9 |   N/A |  25.0 |  12.7 | 5669.5
   Spider Nest |  20.3 |  20.2 |   N/A |  50.0 |  34.6 | 23105.8
  Orcish Mines |  17.3 |  17.3 |   N/A |   0.0 |   9.7 | 12975.5
   Elven Halls |   5.2 |   5.3 |   N/A |   0.0 |  14.2 | 18971.0
      Ice Cave |   4.6 |   4.6 |   N/A |   0.0 |   2.4 | 6382.0
               +-------+-------+-------+-------+-------+----------------------
